 Dungeon Crawl Stone Soup version 0.22-a0-455-ga0624bf (webtiles) character file.

5378 Mgcat the Severer (level 10, -2/121 HPs)
             Began as a Hill Orc Berserker on June 5, 2018.
             Was a High Priest of Trog.
             Slain by a wolf (3 damage)
             ... on level 9 of the Dungeon.
             The game lasted 00:16:31 (4837 turns).

Mgcat the Severer (Hill Orc Berserker)              Turns: 4837, Time: 00:16:32

Health: -2/121     AC: 25    Str: 24    XL:     10   Next: 66%
Magic:  3/10       EV:  2    Int: 12    God:    Trog [*****.]
Gold:   255        SH:  0    Dex: 19    Spells: 9/9 levels left

rFire    + . .     SeeInvis .   u - +0 war axe
rCold    . . .     Gourm    .   (no shield)
rNeg     + + +     Faith    .   (armour currently unavailable)
rPois    +         Spirit   .   (helmet currently unavailable)
rElec    +         Reflect  .   (cloak currently unavailable)
rCorr    +         Harm     .   (gloves currently unavailable)
MR       ++...     NoTele   +   (boots currently unavailable)
Stlth    +++.......             (no amulet)
HPRegen  0.30/turn              y - ring of Zievy {Wiz rC- MR++ Dex+4}
MPRegen  0.12/turn              (no ring)

@: brilliant, agile, tree-form, resistant, berserk cooldown
A: no striking features
a: Berserk, Trog's Hand, Brothers in Arms, Renounce Religion, Convert to Beogh


You were on level 9 of the Dungeon.
You worshipped Trog.
Trog was extremely pleased with you.
You were near starving.
You were a tree.
You visited 1 branch of the dungeon, and saw 9 of its levels.
You also visited: Sewer.

You collected 255 gold pieces.

Inventory:

Hand Weapons
 u - a +0 war axe (weapon)
   (You found it on level 4 of the Dungeon)
 w - a +0 vampiric hand axe {!w}
   (You took it off an orc on level 8 of the Dungeon)
Armour
 h - a +0 hat (melded)
   (You found it on level 3 of the Dungeon)
 o - a scarf of spirit shield (melded)
   (You found it on level 3 of the Dungeon)
 B - a cursed +0 plate armour (melded)
   (You found it on level 8 of the Dungeon)
Jewellery
 a - a ring of the Octopus King {rC+ AC+1 EV+1 Str+1 Int+1 Dex+1, unknown}
   (You found it on level 9 of the Dungeon)

   [ring of protection from cold]

   It affects your AC (+1).
   It affects your evasion (+1).
   It affects your strength (+1).
   It affects your intelligence (+1).
   It affects your dexterity (+1).
   It protects you from cold.
 t - an uncursed ring of fire {rF+, rC-}
   (You found it on level 4 of the Dungeon)
 y - the ring of Zievy (left branch) {Wiz rC- MR++ Dex+4}
   (You found it on level 8 of the Dungeon)

   [ring of wizardry]

   It improves your spell success rate.
   It affects your dexterity (+4).
   It makes you vulnerable to cold.
   It affects your resistance to hostile enchantments.
Wands
 f - a wand of iceblast (6)
   (You found it on level 6 of the Dungeon)
 g - a wand of digging (7)
   (You found it on level 9 of the Dungeon)
 n - a wand of paralysis (17)
   (You found it on level 6 of the Dungeon)
 p - a wand of flame (31)
   (You found it on level 5 of the Dungeon)
Scrolls
 k - 2 scrolls of remove curse
 l - a scroll of identify
Potions
 b - a potion of lignification {!q}
 d - 6 potions of flight
 i - a potion of resistance
 r - 2 potions of mutation {!q}
Miscellaneous
 v - a phial of floods
   (You found it in a sewer)
Comestibles
 c - 7 rations


   Skills:
 - Level 5.1 Fighting
 + Level 16.5 Axes
 - Level 5.3 Armour
 - Level 5.0 Dodging


You had 9 spell levels left.
You didn't know any spells.
Your spell library was empty.

Dungeon Overview and Level Annotations

Branches:
Dungeon (9/15)             Temple (0/1) D:4            Lair (0/6) D:9
    Orc: D:9-12

Altars:
Ashenzari
Hepliaklqana
Ru
Trog
Yredelemnul
Zin


Message History

The orc wizard casts a spell.
The orc wizard flickers and vanishes!
The porcupine bites you.
* * * LOW HITPOINT WARNING * * *
You miss the porcupine.
The porcupine is severely wounded.
The porcupine bites you!
* * * LOW HITPOINT WARNING * * *
You are struck by the porcupine's spines.
* * * LOW HITPOINT WARNING * * *
You slash the porcupine!
You kill the porcupine!
Trog accepts your kill.
As you read the scroll of fog, it crumbles to dust.
The scroll dissolves into smoke.
The wolf bites you but does no damage. The wolf bites you.
* * * LOW HITPOINT WARNING * * *
The wolf barely misses you. The wolf closely misses you. x2
You feel the effects of Trog's Hand fading.
The wolf barely misses you. The porcupine completely misses you.
The wolf closely misses you. The porcupine bites you.
* * * LOW HITPOINT WARNING * * *
The wolf bites you.
* * * LOW HITPOINT WARNING * * *
You feel yourself speed up. The wolf barely misses you.
The wolf bites you but does no damage.
Your skin stops crawling.
You feel less resistant to hostile enchantments.
The wolf completely misses you.
You see here a ring of the Octopus King.
a - a ring of the Octopus King The wolf bites you but does no damage.
Really quaff
b - 2 potions of lignification {!q}?
You turn into a tree.
Your scarf of spirit shield melds into your body.
Your +0 hat melds into your body.
Your cursed +0 plate armour melds into your body.
You feel strangely alone.
Your roots penetrate the ground.
The wolf bites you but does no damage. The wolf barely misses you.
You slash the wolf!
The wolf is severely wounded.
You hit the orc warrior but do no damage.
The wolf bites you but does no damage.
The orc warrior hits you but does no damage.
You hit the orc warrior.
The orc warrior is lightly wounded.
You hit the wolf but do no damage. The wolf bites you but does no damage.
You slash the orc warrior!
The orc warrior is severely wounded.
You hit the wolf. The wolf bites you but does no damage.
The orc warrior hits you but does no damage.
The wolf bites you but does no damage.
You barely miss the orc warrior.
The orc warrior is severely wounded.
You hit the wolf but do no damage.
The orc warrior hits you with a dire flail!!
* * * LOW HITPOINT WARNING * * *
The wolf bites you but does no damage.
You slash the orc warrior!
You kill the orc warrior!
Trog accepts your kill.
You closely miss the wolf. The wolf bites you but does no damage.
You slice the wolf!!
You kill the wolf!
Trog accepts your kill.
You hit the black bear. You hit the black bear.
The black bear is moderately wounded.
You slash the porcupine!
The black bear bites you but does no damage.
The black bear claws you but does no damage.
The black bear claws you.
* * * LOW HITPOINT WARNING * * *
The porcupine bites you but does no damage.
You slash the black bear!
The black bear is severely wounded.
You hit the porcupine.
You kill the porcupine!
Trog accepts your kill.
Trog will gift you weapons as you gain piety.
The black bear bites you but does no damage.
The black bear claws you but does no damage. x2
The wolf bites you but does no damage.
You slice the black bear!!
You kill the black bear!
Trog accepts your kill.
You barely miss the wolf. The wolf bites you but does no damage.
You slash the wolf!
The wolf is heavily wounded.
You hear a shout!
The wolf bites you.
* * * LOW HITPOINT WARNING * * *
An orc priest comes into view.
You hear a shout!
You closely miss the wolf.
The wolf is heavily wounded.
The wolf bites you.
You die...

.# ##P.. #.# #.... #.#
##.... #######
#.###PP... #.....#
}.##..P..
#.....#######h#.r....P
#....5o§r§§§§###tP....
#...)h##§####h#†hhh5P.
#....♣##§# #..##.....
####### #....###..P..
#.##.# #..... .. ..#
##..5. # #### ##..o
##[ #


You could see a wolf, an orc priest and a crimson imp.

Vanquished Creatures
  Grinder (Sewer)
  A hippogriff (D:7)
  A wyvern (D:8)
  A vampire mosquito (D:8)
  A water moccasin (D:7)
  4 porcupines (D:9)
  An ice beast (D:8)
  3 black bears
  2 orc warriors
  4 sky beasts
  A phantom (D:8)
  2 necrophages (D:8)
  5 ogres
  3 wolves (D:9)
  A centaur (D:6)
  2 crocodiles (D:9)
  3 big kobolds
  3 bullfrogs
  2 gnoll sergeants
  A scorpion (D:8)
  6 wights
  4 killer bees (D:8)
  2 howler monkeys
  3 crimson imps
  2 centaur zombies
  5 hounds
  A bullfrog zombie (D:6)
  A jelly (D:9)
  A quasit (Sewer)
  2 orc priests
  A gnoll shaman (D:8)
  An orc wizard (D:4)
  A centaur skeleton (D:6)
  4 iguanas
  3 worker ants
  A big kobold zombie (Sewer)
  11 adders
  12 gnolls
  A howler monkey skeleton (D:6)
  A river rat (D:6)
  6 shadow imps
  2 ufetubi (Sewer)
  An ooze (D:3)
  2 worms (D:6)
  2 dart slugs
  4 leopard geckos
  12 orcs
  A ball python (D:6)
  5 bats
  6 giant cockroaches
  2 goblins
  3 hobgoblins
  5 jackals
  2 quokkas
  3 frilled lizards
  A giant cockroach zombie (Sewer)
  A jackal skeleton (D:5)
  35 kobolds
  A kobold zombie (Sewer)
  3 rats
  A spectral orc (D:5)
203 creatures vanquished.

Vanquished Creatures (others)
  An ooze (Sewer)
  A kobold zombie (Sewer)
  A bush (D:8)
  2 plants (D:9)
5 creatures vanquished.

Grand Total: 208 creatures vanquished

Notes
Turn   | Place    | Note
-------+----------+-------------------------------------------
     0 | D:1      | Mgcat the Hill Orc Berserker began the quest for the Orb.
     0 | D:1      | Reached XP level 1. HP: 19/19 MP: 1/1
   293 | D:1      | Reached XP level 2. HP: 21/26 MP: 2/2
   398 | D:2      | Reached skill level 5 in Axes
   410 | D:2      | HP: 6/26 [poisoned by an adder]
   417 | D:2      | HP: 4/26 [poisoned by an adder]
   424 | D:2      | HP: 3/26 [poisoned by an adder]
   432 | D:2      | HP: 1/26 [poisoned by an adder]
   687 | D:1      | Reached XP level 3. HP: 26/31 MP: 3/3
   753 | D:2      | Noticed a bullfrog
   764 | D:2      | Killed a bullfrog
   764 | D:2      | Reached skill level 7 in Axes
   764 | D:2      | Reached XP level 4. HP: 38/39 MP: 4/4
   903 | D:2      | Reached ** piety under Trog
   997 | D:3      | Reached XP level 5. HP: 45/45 MP: 5/5
  1233 | D:4      | Noticed an ogre
  1241 | D:4      | Killed an ogre
  1241 | D:4      | Reached skill level 8 in Axes
  1241 | D:4      | Reached XP level 6. HP: 51/51 MP: 6/6
  1276 | D:4      | Found a staircase to the Ecumenical Temple.
  1454 | D:4      | Reached skill level 9 in Axes
  1470 | D:5      | Entered Level 5 of the Dungeon
  1632 | D:5      | Found a basalt altar of Yredelemnul.
  1667 | D:5      | Found a hazy altar of Hepliaklqana.
  1683 | D:5      | Noticed a sky beast
  1711 | D:5      | Killed a sky beast
  1711 | D:5      | Reached skill level 10 in Axes
  1711 | D:5      | Reached XP level 7. HP: 33/57 MP: 3/7
  1829 | D:6      | Found a shattered altar of Ashenzari.
  1945 | D:6      | Reached skill level 11 in Axes
  1956 | D:6      | Found a glowing silver altar of Zin.
  2048 | D:6      | Reached XP level 8. HP: 51/64 MP: 4/8
  2139 | D:6      | Reached skill level 12 in Axes
  2460 | D:6      | Found a glowing drain.
  2471 | D:6      | Reached *** piety under Trog
  2474 | Sewer    | Entered a sewer
  2603 | Sewer    | Found a burning altar of Makhleb.
  2606 | Sewer    | Noticed Grinder
  2629 | Sewer    | Killed Grinder
  2629 | Sewer    | Reached skill level 13 in Axes
  3100 | D:7      | Noticed a hippogriff
  3110 | D:7      | Reached skill level 14 in Axes
  3117 | D:7      | Killed a hippogriff
  3117 | D:7      | Reached skill level 5 in Fighting
  3117 | D:7      | Reached XP level 9. HP: 61/74 MP: 5/9
  3125 | D:7      | Got a dazzling rapier
  3128 | D:7      | Identified the +6 rapier "Utung" {holy, *Slow Int+5} (You found it on level 7 of the Dungeon)
  3143 | D:7      | HP: 18/74 [orc priest/divine providence (12)]
  3143 | D:7      | HP: 8/74 [wight/falchion (2)]
  3149 | D:6      | HP: 14/74 [orc priest/nerve-wracking pain (12)]
  3158 | D:6      | Reached skill level 3 in Armour
  3418 | D:7      | Reached **** piety under Trog
  3418 | D:7      | Reached skill level 4 in Armour
  3494 | D:7      | Reached skill level 5 in Armour
  3568 | D:8      | Reached skill level 2 in Dodging
  3613 | D:8      | Reached skill level 3 in Dodging
  3783 | D:8      | Reached skill level 4 in Dodging
  3936 | D:8      | Reached skill level 5 in Dodging
  3964 | D:8      | Reached XP level 10. HP: 49/81 MP: 5/10
  4081 | D:8      | Found a bloodstained altar of Trog.
  4262 | D:8      | Reached skill level 15 in Axes
  4275 | D:8      | Got a fine bronze ring
  4276 | D:8      | Identified the ring of Zievy {Wiz rC- MR++ Dex+4} (You found it on level 8 of the Dungeon)
  4329 | D:8      | Found a sacrificial altar of Ru.
  4393 | D:8      | Reached ***** piety under Trog
  4749 | D:9      | Found a staircase to the Lair.
  4771 | D:9      | HP: 23/121 [porcupine's spines (8)]
  4773 | D:9      | Reached skill level 16 in Axes
  4776 | D:9      | HP: 25/121 [wolf (2)]
  4780 | D:9      | HP: 10/81 [wolf (5)]
  4801 | D:9      | HP: 15/81 [wolf (6)]
  4804 | D:9      | HP: 4/81 [wolf (6)]
  4815 | D:9      | HP: 20/81 [porcupine (3)]
  4817 | D:9      | HP: 7/81 [porcupine's spines (9)]
  4823 | D:9      | Found the ring of the Octopus King
  4825 | D:9      | Got a ring of the Octopus King
  4830 | D:9      | HP: 2/121 [orc warrior/dire flail (18)]
  4836 | D:9      | HP: 1/121 [wolf (1)]
  4837 | D:9      | Slain by a wolf

Vault maps used:
D:1:      roderic_octagonal_star, hangedman_glass_teeth, serial_park_tiny_pond,
          kennysheep_decorative_pillar, palyth_stone_intersect
D:2:      old_standard_altar
D:4:      lemuel_zombie_altar_kikubaaqudgha,
          minmay_temple_entry_statues_fountains, first_ration
D:5:      yredelemnul_forgotten_temple_becter, nicolae_overflow_hidden_temple
D:6:      overflow_temple_1_default, lemuel_round_altar, portal_sewer_entry_e
D:7:      minitemple, basic_altar, the_bakery, serial_bayou_pond_b, st_stairs_5
D:8:      minmay_blocky_corners, nicolae_overflow_crystal_walls, kennysheep_nub,
          trog_ov_bears_minmay
D:9:      minmay_lair_entry_grove
Sewer:    kennysheep_sewer_church

Skill      XL: |  1  2  3  4  5  6  7  8  9 10 |
---------------+-------------------------------+-----
Axes           | 5 7 8 10 11 14 16 | 16.5
Fighting       | 5 |  5.1
Armour         | 5 |  5.3
Dodging        | 5 |  5.0

Action                   |  1- 3 |  4- 6 |  7- 9 | 10-12 || total
-------------------------+-------+-------+-------+-------++-------
Melee: Hand axe          |    42 |       |       |       ||    42
       Short sword       |    14 |    57 |       |       ||    71
       War axe           |       |    40 |   383 |   160 ||   583
       Rapier            |       |       |     6 |       ||     6
Invok: Berserk           |     1 |     1 |     9 |     4 ||    15
       Trog's Hand       |       |       |     5 |     2 ||     7
  Use: Scroll            |       |     5 |     4 |     4 ||    13
       Potion            |       |       |     4 |    12 ||    16
  Eat: Chunk             |       |     4 |    15 |     6 ||    25
       Ration            |       |       |     1 |       ||     1
Armor: Animal skin       |     7 |       |       |       ||     7
       Scale mail        |     4 |    42 |   172 |    24 ||   242
       Skin              |       |       |    34 |    17 ||    51
       Plate armour      |       |       |       |    40 ||    40
Dodge: Dodged            |    35 |    55 |   212 |    83 ||   385

Table legend:
 A = Spawn XP
 B = Non-spawn XP
 C = Spawn XP percentage of total XP
 D = Spawn monster count
 E = Non-spawn monster count
 F = Spawn count percentage of total count
 G = Total turns spent on level
                    A         B        C        D         E        F      G
               +---------+---------+-------+---------+---------+-------+---------
         Total |       0 |    7683 |   0.0 |       0 |     203 |   0.0 |  4837
               +---------+---------+-------+---------+---------+-------+---------
           D:1 |       0 |      17 |   0.0 |       0 |       9 |   0.0 |   388
           D:2 |       0 |     144 |   0.0 |       0 |      15 |   0.0 |   577
           D:3 |       0 |      23 |   0.0 |       0 |       4 |   0.0 |   255
           D:4 |       0 |     206 |   0.0 |       0 |      12 |   0.0 |   259
           D:5 |       0 |     278 |   0.0 |       0 |       9 |   0.0 |   408
           D:6 |       0 |     917 |   0.0 |       0 |      32 |   0.0 |   916
           D:7 |       0 |    1096 |   0.0 |       0 |      13 |   0.0 |   363
           D:8 |       0 |    2841 |   0.0 |       0 |      61 |   0.0 |  1101
           D:9 |       0 |    1640 |   0.0 |       0 |      14 |   0.0 |   118
         Sewer |       0 |     521 |   0.0 |       0 |      34 |   0.0 |   452
               +---------+---------+-------+---------+---------+-------+---------

Vault maps used:
D:1:      roderic_octagonal_star, hangedman_glass_teeth, serial_park_tiny_pond,
          kennysheep_decorative_pillar, palyth_stone_intersect
D:2:      old_standard_altar
D:4:      lemuel_zombie_altar_kikubaaqudgha,
          minmay_temple_entry_statues_fountains, first_ration
D:5:      yredelemnul_forgotten_temple_becter, nicolae_overflow_hidden_temple
D:6:      overflow_temple_1_default, lemuel_round_altar, portal_sewer_entry_e
D:7:      minitemple, basic_altar, the_bakery, serial_bayou_pond_b, st_stairs_5
D:8:      minmay_blocky_corners, nicolae_overflow_crystal_walls, kennysheep_nub,
          trog_ov_bears_minmay
D:9:      minmay_lair_entry_grove
Sewer:    kennysheep_sewer_church

Table legend:
 A = Turns spent in this place as a percentage of turns spent in the entire game.
 B = Non-inter-level travel turns spent in this place as a percentage of non-inter-level travel turns spent in the entire game.
 C = Inter-level travel turns spent in this place as a percentage of turns spent in this place.
 D = Turns resting spent in this place as a percentage of non-inter-level travel turns spent in this place.
 E = Turns spent auto-exploring this place as a percentage of non-inter-level travel turns spent in this place.
 F = Non-inter-level travel turns spent in this place divided by the number of levels of this place that you've seen.
                   A       B       C       D       E      F
               +-------+-------+-------+-------+-------+----------------------
         Total | 100.0 | 100.0 |   4.7 |  15.5 |  51.1 | 461.2
       Dungeon |  90.7 |  90.2 |   5.1 |  17.2 |  50.6 | 462.2
         Sewer |   9.3 |   9.8 |   0.0 |   0.0 |  55.8 | 452.0
               +-------+-------+-------+-------+-------+----------------------

Table legend:
 A = Kills in this place as a percentage of kills in entire the game.
 B = Kills by you in this place as a percentage of kills by you in the entire game.
 C = Kills by friends in this place as a percentage of kills by friends in the entire game.
 D = Other kills in this place as a percentage of other kills in the entire game.
 E = Experience gained in this place as a percentage of experience gained in the entire game.
 F = Experience gained in this place divided by the number of levels of this place that you have seen.
                   A       B       C       D       E      F
               +-------+-------+-------+-------+-------+----------------------
         Total | 100.0 | 100.0 |   N/A |   N/A | 100.0 | 768.3
       Dungeon |  83.3 |  83.3 |   N/A |   N/A |  93.2 | 795.8
         Sewer |  16.7 |  16.7 |   N/A |   N/A |   6.8 | 521.0
               +-------+-------+-------+-------+-------+----------------------
